Map: 2000 Atmospheres LE

Players

Lilbow - Winner!

  • Race: Protoss Protoss

Denver

  • Race: Zerg Zerg

Event: DreamHack SC2 Masters 2021 Fall

VOD

Have the link to the VOD?

Description

Time

  • Played on: Aug. 5, 2021, 1:12 p.m.
  • Length: 12:30

All games in this series

Show
View Real Time Build Order
Export as new Build Order

Lilbow Protoss - Winner!

Build Orders: 1 Gate Expand, Oracle Opening, Carriers 

Get SALT Encoding   

  12  0:00  Probe  
  13  0:13  Pylon  
  13  0:17  Probe (Chrono Boost)  
  14  0:26  Probe (Chrono Boost)  
  15  0:31  Probe (Chrono Boost)  
  16  0:40  Gateway  
  16  0:43  Probe  
  16  0:48  Assimilator  
  17  0:55  Probe  
  18  1:08  Probe  
  19  1:20  Probe  
  20  1:26  Nexus  
  20  1:36  Cybernetics Core  
  20  1:40  Probe  
  20  1:44  Assimilator  
  21  1:52  Probe  
  22  1:56  Pylon  
  22  2:04  Probe  
  23  2:11  Adept (Chrono Boost)  
  23  2:12  Probe  
  25  2:18  Stargate  
  25  2:20  Probe  
  26  2:28  Warp Gate  
  27  2:34  Adept, Probe (Chrono Boost)  
  30  2:38  Probe (Chrono Boost)  
  32  2:48  Probe x2 (Chrono Boost)  
  33  2:53  Probe (Chrono Boost)  
  33  2:56  Probe  
  35  2:58  Void Ray (Chrono Boost)  
  35  3:04  Probe  
  40  3:08  Probe  
  41  3:13  Pylon  
  41  3:16  Probe  
  42  3:20  Probe  
  42  3:21  Gateway  
  43  3:28  Probe  
  43  3:32  Probe  
  43  3:33  Oracle (Chrono Boost)  
  45  3:40  Probe  
  49  3:44  Probe  
  50  3:53  Probe  
  51  3:57  Nexus  
  51  3:58  Assimilator  
  51  3:59  Pylon  
  51  4:01  Probe  
  51  4:02  Assimilator  
  52  4:05  Probe  
  52  4:08  Stargate  
  53  4:13  Probe  
  54  4:17  Probe  
  54  4:20  Robotics Facility  
  55  4:25  Probe  
  55  4:30  Probe (Chrono Boost)  
  57  4:31  Pylon  
  57  4:37  Probe (Chrono Boost)  
  58  4:42  Probe (Chrono Boost)  
  58  4:43  Void Ray  
  59  4:46  Forge, Pylon  
  59  4:47  Probe (Chrono Boost)  
  59  4:49  Probe (Chrono Boost)  
  59  4:52  Probe (Chrono Boost)  
  65  4:55  Pylon  
  65  4:56  Probe  
  67  5:03  Void Ray, Probe (Chrono Boost)  
  68  5:08  Probe (Chrono Boost)  
  68  5:12  Robotics Bay  
  74  5:15  Probe (Chrono Boost)  
  74  5:16  Probe (Chrono Boost)  
  74  5:20  Void Ray, Probe (Chrono Boost)  
  75  5:22  Probe (Chrono Boost)  
  75  5:24  Probe x2 (Chrono Boost)  
  75  5:27  Shield Battery  
  82  5:30  Probe  
  82  5:33  Assimilator  
  82  5:34  Probe x2  
  85  5:37  Assimilator, Adept  
  85  5:42  Probe  
  88  5:44  Pylon  
  88  5:46  Pylon, Probe x2  
  90  5:54  Probe  
  90  5:56  Void Ray (Chrono Boost)  
  91  5:58  Probe  
  91  5:59  Probe  
  91  6:00  Void Ray (Chrono Boost)  
  91  6:01  Disruptor  
  104  6:13  Probe  
  104  6:16  Probe  
  105  6:18  Adept  
  105  6:19  Probe  
  108  6:32  Nexus  
  108  6:36  Pylon, Probe  
  108  6:39  Pylon  
  109  6:45  Assimilator  
  109  6:47  Protoss Air Weapons Level 1 (Chrono Boost)  
  109  6:48  Void Ray  
  109  6:49  Assimilator  
  109  6:51  Void Ray  
  115  6:54  Probe x2  
  115  6:56  Disruptor  
  115  7:00  Pylon  
  122  7:01  Fleet Beacon  
  122  7:07  Photon Cannon  
  122  7:08  Photon Cannon  
  122  7:10  Photon Cannon  
  122  7:13  Photon Cannon  
  122  7:14  Photon Cannon  
  122  7:16  Shield Battery  
  122  7:24  Photon Cannon  
  122  7:26  Photon Cannon  
  122  7:28  Photon Cannon  
  125  7:38  Stargate  
  125  7:42  Carrier (Chrono Boost)  
  125  7:43  Carrier (Chrono Boost)  
  137  7:54  Gateway  
  137  7:56  Protoss Ground Weapons Level 1  
  137  7:57  Gateway  
  137  7:58  Gateway  
  137  8:01  Pylon, Zealot  
  137  8:03  Photon Cannon  
  136  8:06  Immortal  
  136  8:12  Pylon  
  140  8:14  Zealot  
  140  8:16  Probe  
  140  8:18  Probe x2  
  138  8:20  Probe  
  131  8:28  Zealot  
  131  8:29  Probe  
  131  8:30  Probe x2  
  131  8:32  Probe  
  131  8:33  Carrier (Chrono Boost)  
  135  8:36  Carrier (Chrono Boost)  
  135  8:41  Probe (Chrono Boost)  
  146  8:44  Probe x2 (Chrono Boost)  
  146  8:46  Probe (Chrono Boost)  
  147  8:49  Shield Battery  
  147  8:52  Shield Battery  
  147  8:53  Probe (Chrono Boost)  
  150  9:00  Probe x2 (Chrono Boost)  
  150  9:01  Probe x2 (Chrono Boost), Immortal  
  156  9:05  Photon Cannon  
  156  9:08  Carrier (Chrono Boost)  
  155  9:12  Pylon  
  160  9:18  Twilight Council  
  161  9:24  Probe x3  
  161  9:31  Probe  
  162  9:32  Protoss Air Weapons Level 2  
  162  9:36  Probe x3  
  165  9:41  Photon Cannon  
  165  9:42  Pylon  
  165  9:44  Probe  
  162  9:48  Probe  
  162  9:50  Carrier x2 (Chrono Boost)  
  164  9:54  Charge  
  164  9:57  Templar Archives  
  170  10:04  Carrier (Chrono Boost)  
  176  10:14  Gateway  
  176  10:17  Gateway  
  176  10:18  Zealot  
  178  10:27  Zealot  
  180  10:41  Gateway x2  
  180  10:45  Gateway  
  180  10:54  Pylon, Gateway  
  180  10:56  Pylon  
  180  11:01  Gateway x2  
  180  11:04  Warp Prism (Chrono Boost)  
  180  11:14  Pylon x2  
  180  11:17  Probe  
  179  11:23  Pylon  
  179  11:24  Photon Cannon, High Templar x4  
  187  11:30  Flux Vanes, Archon x2  
  187  11:31  Photon Cannon  
  187  11:35  High Templar x4  
  195  11:41  Archon x2  
  195  11:42  High Templar x2  
  199  11:48  Archon  
  199  12:17  Zealot x2  
  199  12:21  Zealot x7  
  199  12:22  Zealot  
Show
View Real Time Build Order
Export as new Build Order

Denver Zerg 

Build Orders: Hatch First 

Get SALT Encoding   

  12  0:00  Drone  
  13  0:12  Overlord  
  13  0:17  Drone  
  14  0:30  Drone x2  
  16  0:48  Hatchery  
  15  0:52  Drone  
  15  0:57  Drone  
  17  0:59  Drone  
  18  1:13  Extractor  
  18  1:15  Spawning Pool  
  17  1:18  Drone  
  17  1:21  Drone  
  18  1:27  Drone  
  19  1:38  Drone  
  20  1:49  Overlord  
  20  2:01  Queen x2  
  20  2:02  Zergling x2  
  20  2:03  Zergling x2  
  26  2:10  Drone  
  26  2:14  Metabolic Boost  
  26  2:15  Drone  
  28  2:22  Drone x2  
  30  2:39  Hatchery  
  30  2:41  Drone  
  30  2:45  Overlord  
  30  2:48  Drone  
  30  2:50  Drone  
  32  2:59  Spore Crawler  
  32  3:03  Drone x2  
  32  3:05  Queen  
  36  3:08  Drone  
  36  3:09  Drone  
  36  3:10  Drone  
  38  3:14  Overlord  
  38  3:18  Drone  
  39  3:21  Drone x2  
  39  3:27  Overlord  
  41  3:30  Drone x2  
  43  3:34  Drone  
  43  3:41  Queen  
  44  3:45  Overlord  
  44  3:48  Drone x4  
  50  3:52  Queen  
  52  3:56  Drone  
  52  4:01  Spore Crawler  
  52  4:04  Zergling x8  
  52  4:08  Spore Crawler  
  55  4:10  Drone  
  55  4:12  Spore Crawler  
  55  4:16  Drone  
  55  4:17  Drone x2  
  58  4:20  Drone  
  58  4:21  Drone  
  58  4:23  Overlord  
  60  4:30  Drone x4  
  61  4:31  Drone  
  61  4:38  Drone  
  63  4:40  Roach Warren  
  63  4:41  Drone  
  63  4:42  Drone  
  64  4:47  Extractor, Overlord  
  64  4:48  Extractor  
  64  4:50  Lair  
  62  4:53  Drone  
  62  4:54  Drone x2  
  62  4:57  Drone x2  
  66  5:01  Drone  
  66  5:02  Drone x2  
  66  5:06  Drone  
  66  5:07  Drone x3  
  71  5:12  Overlord  
  71  5:16  Drone x5  
  76  5:21  Evolution Chamber  
  76  5:24  Queen  
  76  5:28  Overlord  
  77  5:32  Drone  
  77  5:33  Drone, Hatchery  
  77  5:35  Drone  
  79  5:36  Drone  
  79  5:37  Extractor  
  79  5:42  Queen  
  81  5:44  Zergling x8  
  81  5:48  Overseer  
  85  5:52  Baneling Nest  
  85  5:54  Overlord  
  84  5:57  Zerg Melee Weapons Level 1  
  84  5:59  Drone x5, Evolution Chamber  
  84  6:01  Drone  
  89  6:08  Overlord  
  89  6:10  Drone  
  89  6:11  Drone x6  
  93  6:14  Overlord x2  
  94  6:21  Extractor  
  94  6:22  Queen, Extractor  
  94  6:24  Zerg Ground Armor Level 1  
  94  6:25  Infestation Pit  
  93  6:30  Pneumatized Carapace  
  93  6:38  Zergling x16  
  93  6:39  Zergling x2  
  102  6:41  Spore Crawler  
  102  6:42  Centrifical Hooks  
  102  6:44  Drone  
  102  6:45  Spore Crawler  
  101  6:47  Drone x4  
  101  6:49  Overseer  
  101  6:50  Overseer  
  101  6:52  Drone x3  
  108  6:55  Glial Reconstitution  
  108  6:59  Overlord  
  108  7:01  Hive  
  108  7:04  Drone x4  
  108  7:06  Drone x2  
  108  7:07  Drone  
  115  7:12  Baneling x7  
  115  7:13  Overlord  
  115  7:16  Roach x2  
  115  7:21  Drone x6  
  115  7:22  Drone  
  124  7:24  Extractor  
  124  7:25  Extractor  
  124  7:26  Queen  
  124  7:29  Overlord  
  124  7:34  Overlord  
  124  7:41  Zergling x18  
  124  7:42  Zergling x2  
  124  7:43  Spire  
  124  7:44  Overlord  
  133  7:49  Overlord, Pathogen Glands  
  133  7:50  Overlord  
  133  7:52  Overlord  
  133  7:54  Overlord  
  133  7:56  Overlord  
  133  7:58  Overlord  
  133  8:00  Zerg Melee Weapons Level 2  
  133  8:02  Baneling, Overlord  
  133  8:03  Baneling x3  
  133  8:05  Overlord  
  133  8:06  Queen  
  133  8:09  Overlord  
  135  8:13  Baneling x11  
  135  8:14  Baneling  
  131  8:25  Queen  
  128  8:34  Zergling x42  
  142  8:46  Ultralisk Cavern  
  142  8:48  Adrenal Glands  
  131  8:49  Zergling x14  
  131  8:54  Infestor x3  
  144  8:58  Baneling x9  
  143  9:03  Zerg Flyer Armor Level 1  
  143  9:05  Hatchery  
  142  9:14  Infestor, Overlord  
  142  9:24  Zergling x2  
  142  9:25  Zergling x32  
  151  9:33  Chitinous Plating  
  151  9:36  Queen  
  147  9:51  Ultralisk x3  
  163  9:56  Overlord  
  163  10:03  Baneling x8  
  163  10:14  Extractor  
  163  10:15  Extractor, Ultralisk  
  163  10:17  Overlord  
  157  10:33  Corruptor  
  157  10:34  Corruptor x4  
  157  10:35  Queen x2  
  169  10:47  Queen x2  
  172  10:51  Baneling  
  172  10:52  Baneling x6, Anabolic Synthesis  
  172  10:55  Drone  
  172  10:56  Drone x15  
  188  11:00  Neural Parasite  
  188  11:04  Queen  
  181  11:19  Corruptor  
  181  11:20  Corruptor x3  
  181  11:22  Spore Crawler  
  181  11:24  Spore Crawler  
  181  11:25  Spore Crawler  
  182  11:27  Spore Crawler  
  182  11:28  Spore Crawler  
  180  11:36  Spore Crawler x2, Zergling x16  
  180  11:37  Corruptor  
  180  11:38  Corruptor x2  
  192  11:48  Infestor x3  
  198  11:59  Baneling x4  

Tags
 
Add a new tag
Caveats
  • Supply blocks, unpowered buildings, or Contaminate may cause inaccurate times.
  • Supply counts are checked every 10 seconds.